 Dungeon Crawl Stone Soup version 0.27-a0-333-gfa571bf19a (webtiles) character file.

Game seed: 6081851717015387989

91 skwiii the Sneak (level 4, -10/25 HPs)
             Began as a Gargoyle Enchanter on Feb 13, 2021.
             Splashed by a jelly's acid (11 damage)
             ... on level 3 of the Dungeon.
             The game lasted 00:17:46 (3650 turns).

skwiii the Sneak (Gargoyle Enchanter)               Turns: 3650, Time: 00:17:50

Health: -10/25     AC: -2    Str: 11    XL:     4   Next: 59%
Magic:  3/7        EV: 12    Int: 16    God:
Gold:   117        SH:  0    Dex: 11    Spells: 0/7 levels left

rFire    . . .     SeeInvis .   a - +2 dagger
rCold    . . .     Faith    .   (no shield)
rNeg     + . .     Spirit   .   b - +0 robe
rPois    ∞         Reflect  .   (no helmet)
rElec    +         Harm     .   (no cloak)
rCorr    .         Rampage  .   (no gloves)
Will     .....                  (no boots)
Stlth    ++........             (no amulet)
HPRegen  0.08/turn              (no ring)
MPRegen  0.10/turn              (no ring)

@: corroded
A: negative energy resistance 1, electricity resistance, unbreathing,
petrification resistance, miasma immunity, AC +3
a: no special abilities


You were on level 3 of the Dungeon.
You visited 1 branch of the dungeon, and saw 4 of its levels.

You collected 117 gold pieces.

Inventory:

Hand Weapons
 a - a +2 dagger (weapon)
 h - a +0 dagger
 l - a +0 dagger
 s - a +0 dagger
Missiles
 c - 39 stones
 d - 12 sling bullets
 j - 6 boomerangs
Armour
 b - a +0 robe (worn)
 x - a +0 buckler
Jewellery
 g - a ring of resist corrosion {unknown}
 k - a +6 ring of intelligence {unknown}
 o - an amulet of magic regeneration {unknown}
 w - a ring of magical power {unknown}
Scrolls
 f - a scroll of fear {unknown}
 i - a scroll of noise {unknown}
 m - a scroll of identify {unknown}
 n - a scroll of immolation {unknown}
 p - a scroll of blinking {unknown}
 q - a scroll of enchant weapon
 r - 2 scrolls of teleportation
 u - a scroll of enchant armour {unknown}
Potions
 e - 4 potions of lignification {unknown}
 t - a potion of curing {unknown}
 v - 2 potions of heal wounds {unknown}


   Skills:
 - Level 1.0 Fighting
 + Level 2.0 Short Blades
 + Level 2.0 Dodging
 + Level 4.0 Stealth
 + Level 2.4 Spellcasting
 + Level 3.1 Hexes


You couldn't memorise any spells.
You knew the following spells:

 Your Spells              Type           Power        Failure   Level
a - Corona                Hex            13%          5%          1
b - Ensorcelled Hibernat  Hex/Ice        14%          16%         2
c - Tukima's Dance        Hex            12%          16%         3
d - Summon Small Mammal   Summ           4%           21%         1

Your spell library contained the following spells:

 Spells                   Type           Power        Failure   Level
 Confusing Touch          Hex            12%          16%         3
 Animate Skeleton         Necr           2%           21%         1
 Apportation              Tloc           2%           21%         1
 Dazzling Flash           Conj/Hex       14%          30%         3


Dungeon Overview and Level Annotations

Branches:
Dungeon (4/15)
 Temple: D:4-7

Altars:
Fedhas
Qazlal
Ru


Innate Abilities, Weirdness & Mutations

You are resistant to torment.
Your stone body is resilient. (AC +3)
You are immune to poison.
You resist negative energy. (rN+)
You are resistant to electric shocks. (rElec)
You can survive without breathing.
You are immune to petrification.
You are immune to miasma.


Message History

x - a buckler
Okay, then.
As you read the scroll labelled BAPLASIUNIGE, it crumbles to dust.
It is a scroll of enchant weapon.
Your +1 dagger glows red for a moment.
Okay, then.
Okay, then.
A jelly comes into view.
You see here a murky blue potion.
The jelly quivers.
The jelly hits you but does no damage.
Aiming: Corona (safe; 5% risk of failure)
Press: ? - help, Q - select action, (/) - cycle Shift-Dir - straight line, f - jelly
Aim: a jelly (chance to affect: 57%)
The jelly struggles to resist.
The jelly closely misses you.
Aiming: Corona (safe; 5% risk of failure)
Press: ? - help, Q - select action, (/) - cycle Shift-Dir - straight line, f/p - jelly
Aim: a jelly (chance to affect: 57%)
The jelly is outlined in light.
The jelly closely misses you.
Casting: Corona (safe; 5% risk of failure)
Confirm with . or Enter, or press ? or * to list all spells.
Aiming: Ensorcelled Hibernation (safe; 16% risk of failure)
Press: ? - help, Shift-Dir - straight line, f/p - jelly
Aim: a jelly (softly glowing, chance to affect: 48%)
The jelly resists with some effort.
The jelly closely misses you.
You hit the jelly.
Your hands burn!
The jelly is lightly wounded.
The jelly barely misses you.
You hit the jelly.
Your hands burn!
The jelly is moderately wounded.
The jelly hits you. The acid corrodes you!
You are splashed with acid!
You hit the jelly but do no damage. The acid corrodes you!
Your hands burn!
* * * LOW HITPOINT WARNING * * *
The jelly is moderately wounded.
The jelly hits you.
* * * LOW HITPOINT WARNING * * *
You are splashed with acid!
You die...

####### #@J...#
#!###.# #.#
#######.#
#.....#.# #
#.###.#.##...#
##.# #.........#
#..###...##....#
#......### ....


You could see a jelly (corona).

Vanquished Creatures
  2 adders
  3 dart slugs
  A leopard gecko (D:2)
  6 bats
  3 giant cockroaches
  5 goblins
  10 hobgoblins
  10 jackals
  9 kobolds
  4 frilled lizards
  6 rats
59 creatures vanquished.

Vanquished Creatures (collateral kills)
  A giant cockroach (D:3)
1 creature vanquished.

Grand Total: 60 creatures vanquished

Notes
Turn   | Place    | Note
-------+----------+-------------------------------------------
     0 | D:1      | skwiii the Gargoyle Enchanter began the quest for the Orb.
     0 | D:1      | Reached XP level 1. HP: 10/10 MP: 3/3
   110 | D:1      | Reached skill level 1 in Short Blades
   136 | D:1      | Reached XP level 2. HP: 9/15 MP: 1/5
   470 | D:1      | Learned a level 2 spell: Ensorcelled Hibernation
   903 | D:1      | Reached XP level 3. HP: 12/20 MP: 2/6
   940 | D:1      | Reached skill level 1 in Fighting
  2189 | D:2      | Found a stormy altar of Qazlal.
  2275 | D:2      | Found a blossoming altar of Fedhas.
  2563 | D:2      | Reached XP level 4. HP: 25/25 MP: 3/7
  2755 | D:2      | You fall into a shaft and drop 2 floors!
  2853 | D:2      | Found a sacrificial altar of Ru.
  3508 | D:3      | Learned a level 3 spell: Tukima's Dance
  3511 | D:3      | Learned a level 1 spell: Summon Small Mammal
  3567 | D:3      | Reached skill level 4 in Stealth
  3650 | D:3      | HP: 1/25 [jelly (2)]
  3650 | D:3      | Splashed by a jelly's acid

Illustrated notes

Levels and vault maps discovered:
D:1:      roderic_chinese_lattice_arrival, layout_basic,
          minmay_misc_feat_secret_circle
D:2:      layout_rooms, nicolae_ru_path_of_blood,
          grunt_temple_overflow_forces_of_nature
D:3:      layout_loops_ring
D:4:      layout_loops_ring, marbit_many_paths, nicolae_overflow_hidden_temple,
          kennysheep_mini, temple_green, nemelex_dance_club_becter, uniq_ijyb,
          uniq_duvessa

Skill      XL: |  1  2  3  4 |
---------------+-------------+-----
Short Blades   | 1 2 |  2.0
Fighting       | 1 |  1.0
Hexes          | 3 |  3.1
Dodging        | 2 |  2.0
Stealth        | 4 |  4.0
Spellcasting   | |  2.4

Action                   |  1- 3 |  4- 6 || total
-------------------------+-------+-------++-------
Melee: Dagger            |   129 |    64 ||   193
 Cast: Corona            |    36 |     8 ||    44
       Ensorcelled Hiber |    20 |    10 ||    30
       Summon Small Mamm |       |     1 ||     1
  Use: Scroll            |       |     2 ||     2
 Stab: Sleeping          |    16 |     7 ||    23
Armor: Robe              |    74 |    20 ||    94
Dodge: Dodged            |   159 |    49 ||   208

Table legend: (Time is in decaauts)
 A = Elapsed time spent in this place.
 B = Non-inter-level travel time spent in this place.
 C = Inter-level travel time spent in this place.
 D = Time resting spent in this place.
 E = Time spent auto-exploring this place.
 F = Levels seen in this place.
 G = Mean time per level.
                   A        B        C        D        E       F      G
               +--------+--------+--------+--------+--------+-----+--------+
         Total |   3634 |   3546 |     88 |   1501 |    673 |   4 |  908.5 |
       Dungeon |   3634 |   3546 |     88 |   1501 |    673 |   4 |  908.5 |
               +--------+--------+--------+--------+--------+-----+--------+

Top non-repeatable levels by time:
     D:1: 2127 daAuts
     D:2: 1084 daAuts
     D:3: 415 daAuts
     D:4: 7 daAuts
